 Dungeon Crawl Stone Soup version 0.26-a0-466-g989023bd0d (webtiles) character file.

Game seed: 12763050900764918241

51 sanka the Insei (level 3, 0/39 HPs)
             Began as a Vampire Transmuter on Aug 14, 2020.
             Succumbed to an adder's poison
             ... on level 2 of the Dungeon.
             The game lasted 00:02:34 (1146 turns).

sanka the Insei (Vampire Transmuter)                Turns: 1146, Time: 00:02:35

Health: 0/39       AC: 21    Str:  9    XL:     3   Next: 57%
Magic:  6/6        EV:  2    Int: 15    God:
Gold:   98         SH:  0    Dex: 15    Spells: 0/6 levels left

rFire    . . .     SeeInvis +     - Unarmed
rCold    . . .     Faith    .   (no shield)
rNeg     + + +     Spirit   .   (armour currently unavailable)
rPois    +         Reflect  .   (helmet currently unavailable)
rElec    .         Harm     .   (cloak currently unavailable)
rCorr    .         NoTele   +   (gloves currently unavailable)
MR       +....                  (boots currently unavailable)
Stlth    +.........             (no amulet)
HPRegen  0.33/turn              b - ring of protection from magic
MPRegen  0.10/turn              (no ring)

@: lethally poisoned (0 -> -7), tree-form, stab, very slightly contaminated,
regenerating quickly, invisible
A: see invisible
a: Exsanguinate


You were on level 2 of the Dungeon.
You were a tree.
You visited 1 branch of the dungeon, and saw 2 of its levels.

You collected 98 gold pieces.


Innate Abilities, Weirdness & Mutations

Your natural rate of healing is unusually fast.
((You have razor-sharp teeth.))
You have supernaturally acute eyesight. (SInv)
((You can survive without breathing.))


   Skills:
 - Level 1.0 Fighting
 - Level 3.0 Dodging
 + Level 3.9 Unarmed Combat
 - Level 2.0 Spellcasting
 + Level 3.0 Transmutations
 + Level 0.4 Poison Magic


You couldn't memorise any spells.
You knew the following spells:

 Your Spells              Type           Power        Failure   Level
x - Spider Form           Tmut/Pois      #.........   32%         3
y - Wereblood             Tmut           ##......     10%         2
z - Beastly Appendage     Tmut           ##....       6%          1

Your spell library contained the following spells:

 Spells                   Type           Power        Failure   Level
 Ice Form                 Ice/Tmut       #.......     75%         4
 Blade Hands              Tmut           ##........   87%         5

Inventory:

Armour
 a - a +0 robe (melded)
Jewellery
 b - a ring of protection from magic (left branch)
 h - an uncursed amulet of guardian spirit {unknown}
Scrolls
 d - a scroll of blinking {unknown}
 i - a scroll of amnesia {unknown}
 k - 2 scrolls of enchant weapon {unknown}
 l - a scroll of teleportation {unknown}
 m - a scroll of enchant armour {unknown}
 n - a scroll of noise {unknown}
 o - a scroll of magic mapping {unknown}
 p - a scroll of remove curse {unknown}
Potions
 c - a potion of invisibility
 e - a potion of degeneration {unknown}
 f - a potion of lignification {!q}
 j - a potion of curing {unknown}

Dungeon Overview and Level Annotations

Branches:
Dungeon (2/15)

Altars:

▒.▒ ▒.▒ .. ▒.▒ ..
▒.▒ ▒. .)▒ ▒. ▒.▒
.▒ ▒. ▒S▒▒.▒ ▒.
▒♣▒▒.▒ ▒▒. ▒.▒..▒▒
▒.. ▒..▒..▒▒ ▒..
▒▒.....▒▒▒▒ ▒.▒
▒....>....▒ ▒.▒
▒▒.....▒..▒▒▒▒▒▒.▒
▒▒...▒..........▒
▒...▒.▒.▒..(.>.▒
▒.▒.....▒▒▒▒▒▒▒▒


You could see an adder.


Message History

You closely miss the adder.
The adder is moderately wounded.
* * * LOW HITPOINT WARNING * * *
You feel sick. The adder bites you.
* * * LOW HITPOINT WARNING * * *
You are more poisoned.
The adder poisons you!
You hit the adder but do no damage. You bite the adder.
The adder is heavily wounded.
* * * LOW HITPOINT WARNING * * *
You feel sick. The adder misses you.
It was a potion of invisibility.
You fade into invisibility!
* * * LOW HITPOINT WARNING * * *
You feel sick. The adder misses you.
You are very lightly contaminated with residual magic.
It was a potion of lignification.
You turn into a tree.
Your roots penetrate the ground.
* * * LOW HITPOINT WARNING * * *
You feel sick. The adder bites you but does no damage.
The adder bites you but does no damage.
It was a potion of stabbing.
You feel ready to backstab.
You die...

Action                   || total
-------------------------++-------
Melee: Unarmed           ||   108
       Kick              ||    21
       Headbutt          ||    10
       Bite              ||     5
       Punch             ||     1
 Cast: Beastly Appendage ||    16
  Use: Potion            ||     3
 Stab: Sleeping          ||     3
Armor: Robe              ||    21
       Skin              ||     2
Dodge: Dodged            ||    53

Levels and vault maps discovered:
D:1:      minmay_arrival_plants_in_alcoves, layout_basic, wad_floor_pattern_2,
          minmay_pentomino_r2
D:2:      layout_loops_ring, minmay_fractal_squares_gapless_5

Notes
Turn   | Place    | Note
-------+----------+-------------------------------------------
     0 | D:1      | sanka the Vampire Transmuter began the quest for the Orb.
     0 | D:1      | Reached XP level 1. HP: 14/14 MP: 3/3
    39 | D:1      | Reached skill level 1 in Fighting
   181 | D:1      | Reached XP level 2. HP: 17/21 MP: 3/5
   246 | D:1      | Learned a level 2 spell: Wereblood
   802 | D:2      | Reached XP level 3. HP: 26/26 MP: 4/6
   811 | D:2      | Learned a level 3 spell: Spider Form
   963 | D:2      | Reached skill level 3 in Dodging
   972 | D:2      | Reached skill level 3 in Transmutations
  1142 | D:2      | HP: 2/26 [adder (3)]
  1146 | D:2      | Succumbed to an adder's poison

Vanquished Creatures
  A worm (D:2)
  2 dart slugs (D:1)
  A leopard gecko (D:2)
  3 bats (D:1)
  3 giant cockroaches
  4 goblins (D:1)
  5 hobgoblins
  7 jackals
  3 frilled lizards (D:1)
  3 kobolds
  7 rats
39 creatures vanquished.
